 Dungeon Crawl Stone Soup version 0.32-a0-886-g41c5271027 (webtiles) character file.

Game seed: 16027650130913770211

88 pokedragonboy the Changeling (level 4, 0/33 HPs)
             Began as a Demonspawn Shapeshifter on Apr 2, 2024.
             Slain by an adder (3 damage)
             ... on level 3 of the Dungeon.
             The game lasted 00:04:38 (1551 turns).

pokedragonboy the Changeling (DsSh)                 Turns: 1551, Time: 00:04:39

Health: 0/33       AC:  2    Str: 16    XL:     4   Next: 30%
Magic:  4/4        EV: 11    Int: 11    God:
Gold:   96         SH:  0    Dex: 12    Spells: 3/3 levels left

rFire   . .          .
                       - Unarmed
rCold   . . .        (no shield)
rNeg    . . .        a - +0 animal skin
rPois   .            (helmet currently unavailable)
rElec   .            (cloak currently unavailable)
rCorr   .            (gloves currently unavailable)
SInv    .            (boots currently unavailable)
Will    .....        (no amulet)
Stlth   +            (no ring)
HPRegen 0.25/turn    (no ring)
MPRegen 0.09/turn

%: no passive effects
@: lethally poisoned (0 -> -1), beast-form
A: beast (slay +2), hooves 1, demonic guardian 1, foul stench 1
a: Begin Untransformation


You were on level 3 of the Dungeon.
You were a hulking beast.
You visited 1 branch of the dungeon, and saw 3 of its levels.

You collected 96 gold pieces.

Inventory:

Armour
 a - a +0 animal skin (worn)
 s - a +2 ring mail of cold resistance
Jewellery
 r - a ring of ice
Talismans
 c - a beast talisman (active)
 d - a flux talisman
Wands
 o - a wand of paralysis (8)
Scrolls
 e - 5 scrolls of identify {unknown}
 j - 3 scrolls of teleportation {unknown}
 l - a scroll of acquirement {unknown}
 m - a scroll of blinking {unknown}
 q - a scroll of brand weapon {unknown}
Potions
 b - a potion of lignification
 f - a potion of invisibility {unknown}
 g - 2 potions of heal wounds
 h - a potion of might {unknown}
 i - 2 potions of curing {unknown}
 k - a potion of magic {unknown}
 n - a potion of mutation {unknown}
 p - 2 potions of haste {unknown}
 t - a potion of enlightenment {unknown}


   Skills:
 + Level 2.1 Fighting
 - Level 1.7 Dodging
 + Level 3.3 Unarmed Combat
 * Level 3.6 Shapeshifting


You had 3 spell levels left.
You didn't know any spells.
Your spell library contained the following spells:

 Spells                   Type           Power      Damage    Failure   Level
 Blink                    Tloc           0%         N/A       47%         2
 Lesser Beckoning         Tloc           0%         N/A       47%         2
 Momentum Strike          Conj/Tloc      0%         3d8       47%         2
 Summon Ice Beast         Ice/Summ       0%         N/A       71%         3
 Summon Mana Viper        Hex/Summ       0%         N/A       100%        5
 Monstrous Menagerie      Summ           0%         N/A       100%        7


Dungeon Overview and Level Annotations

Branches:
Dungeon (3/15)

Altars:

Annotations:
D:2 exclusion: scorpion


Innate Abilities, Weirdness & Mutations

You are a hulking beast.
Your limbs bulge with bestial killing power. (Slay +2)
You have large cloven feet.
A weak demonic guardian rushes to your aid.
You may rarely emit foul miasma when damaged in melee.


Message History

The adder barely misses you.
The orc priest hits you with a +0 hand axe.
The orc barely misses you. The adder bites you.
You hit the orc priest. You kick the orc priest.
You kill the orc priest!
The orc barely misses you. The adder barely misses you.
Your Fighting skill increases to level 2!
You have reached level 4!
You feel clever.
Your demonic ancestry asserts itself...
You begin to emit a foul stench of rot and decay.
You hit the orc.
The orc is moderately wounded.
The adder closely misses you. The orc barely misses you.
You hit the orc but do no damage. Your kick misses the orc.
The orc is moderately wounded.
The adder barely misses you. The orc barely misses you.
You hit the orc but do no damage. You kick the orc, but do no damage.
The orc is moderately wounded.
The adder bites you. x2
You barely miss the orc.
The orc is moderately wounded.
The adder bites you.
You are poisoned.
The adder poisons you! The orc barely misses you.
You hit the orc but do no damage. You kick the orc.
The orc is heavily wounded.
You feel sick. The adder misses you. The orc hits you with a +0 war axe!
* * * LOW HITPOINT WARNING * * *
A demonic guardian appears!
You emit a cloud of foul miasma!
Unknown command.
You feel sick.
Your quasit bites the orc but does no damage.
Your quasit claws the orc but does no damage. x2
The orc is engulfed in dark miasma.
The orc is poisoned.
The orc barely misses your quasit.
You feel sick.
Your quasit bites the orc but does no damage.
Your quasit claws the orc but does no damage. x2
The adder bites you.
You die...

..........####.#####
.#...#.##.##.......#
#####.##.##.#.###.#
..##......###.####
########.##........
#.##†##.####.
#...>........
#..!....###.
#.##.hS.o.# #.
###5.#.# #
#.o......#
........>.#
###.##.#.... #.# .#
... #.. .# .. #.# #
. #.


You could see an adder, 2 orcs and a friendly quasit (summoned).

Vanquished Creatures
  An orc priest (D:3)
  2 adders (D:2)
  A ribbon worm (D:2)
  3 bats (D:1)
  6 endoplasms
  A giant cockroach (D:1)
  5 goblins (D:1)
  A hobgoblin (D:2)
  4 jackals (D:1)
  5 kobolds
  A quokka (D:2)
  2 ball pythons
  A rat (D:2)
33 creatures vanquished.

Notes
Turn   | Place    | Note
-------+----------+-------------------------------------------
     0 | D:1      | pokedragonboy the Demonspawn Shapeshifter began the quest
                  | for the Orb.
     0 | D:1      | Reached XP level 1. HP: 15/15 MP: 1/1
     2 | D:1      | Noticed an oni
     4 | D:1      | Noticed a troll
     4 | D:1      | Noticed a barachi
     7 | D:1      | Noticed a dwarf
     7 | D:1      | Noticed a formicid
     9 | D:1      | Noticed an elf
    11 | D:1      | Noticed a demigod
    11 | D:1      | Noticed a ghoul
    14 | D:1      | Noticed an armataur
    14 | D:1      | Noticed a vine stalker
    16 | D:1      | Noticed a gargoyle
    16 | D:1      | Noticed a merfolk
    18 | D:1      | Noticed a spriggan
    20 | D:1      | Noticed a tengu
    20 | D:1      | Noticed a human
    22 | D:1      | Noticed a djinni
    22 | D:1      | Noticed a vampire
    24 | D:1      | Noticed an octopode
    24 | D:1      | Noticed a felid
    26 | D:1      | Noticed a demonspawn
    28 | D:1      | Noticed a minotaur
    28 | D:1      | Noticed a draconian
    30 | D:1      | Noticed a naga
   100 | D:1      | Gained mutation: You have large cloven feet. [demonic
                  | ancestry]
   100 | D:1      | Reached XP level 2. HP: 16/21 MP: 2/2
   923 | D:2      | Gained mutation: A weak demonic guardian rushes to your
                  | aid. [demonic ancestry]
   923 | D:2      | Reached XP level 3. HP: 23/27 MP: 3/3
  1327 | D:2      | Noticed a scorpion
  1545 | D:3      | Gained mutation: You may rarely emit foul miasma when
                  | damaged in melee. [demonic ancestry]
  1545 | D:3      | Reached XP level 4. HP: 24/33 MP: 4/4
  1551 | D:3      | Slain by an adder

Illustrated notes

Levels and vault maps discovered:
D:1:      kb_arrival_jail, layout_loops_ring, minmay_misc_feat_chi
D:2:      layout_basic, minmay_misc_feat_cross, grunt_decor_junction
D:3:      cheibrodos_fertilizer, layout_loops_cross,
          hellmonk_ecumenical_altar_zigzags, minivault_23,
          uniq_crazy_yiuf_cottage, uniq_terence

Skill      XL: |  1  2  3 |
---------------+----------+-----
Shapeshifting  | 3 |  3.6
Unarmed Combat | 3 |  3.3
Fighting       | 2 |  2.1
Dodging        | |  1.7

Action                     |  1- 3 |  4- 6 || total
---------------------------+-------+-------++-------
  Melee: Unarmed           |   111 |     5 ||   116
         Kick              |    16 |     2 ||    18
         Punch             |     1 |       ||     1
    Use: Potion            |     1 |       ||     1
   Stab: Sleeping          |     2 |       ||     2
 Armour: Animal skin       |    59 |     5 ||    64
  Dodge: Dodged            |    75 |     6 ||    81

Table legend: (Time is in decaauts)
 A = Elapsed time spent in this place.
 B = Non-inter-level travel time spent in this place.
 C = Inter-level travel time spent in this place.
 D = Time resting spent in this place.
 E = Time spent auto-exploring this place.
 F = Levels seen in this place.
 G = Mean time per level.
                   A        B        C        D        E       F      G
               +--------+--------+--------+--------+--------+-----+--------+
         Total |   1543 |   1479 |     64 |     39 |   1133 |   3 |  514.3 |
       Dungeon |   1543 |   1479 |     64 |     39 |   1133 |   3 |  514.3 |
               +--------+--------+--------+--------+--------+-----+--------+

Top non-repeatable levels by time:
     D:1: 851 daAuts
     D:2: 640 daAuts
     D:3: 51 daAuts
